 Dungeon Crawl Stone Soup version 0.31.0-12-g77e489cdc1 (webtiles) character file.

Game seed: 16439772884040212520

141 Silvore the Trooper (level 5, 0/42 HPs)
             Began as a Demonspawn Fighter on Feb 11, 2024.
             Killed by divine providence
             ... invoked by an orc priest
              (11 damage)
             ... on level 3 of the Dungeon.
             The game lasted 00:03:50 (2215 turns).

Silvore the Trooper (Demonspawn Fighter)            Turns: 2215, Time: 00:03:50

Health: 0/42       AC:  9    Str: 21    XL:     5   Next: 3%
Magic:  5/5        EV:  9    Int:  8    God:
Gold:   150        SH:  4    Dex: 13    Spells: 4/4 levels left

rFire   . . .        a - +0 long sword
rCold   . . .        c - +0 buckler
rNeg    . . .        b - +0 scale mail
rPois   .            (no helmet)
rElec   .            e - +1 cloak of Utrem {Str+3}
rCorr   .            (no gloves)
SInv    .            (no boots)
Will    .....        (no amulet) Stlth
                     (no ring)
HPRegen 0.27/turn    (no ring)
MPRegen 0.09/turn

%: no passive effects
@: no status effects
A: ignite blood 1, powered by death 2
a: no special abilities


You were on level 3 of the Dungeon.
You visited 1 branch of the dungeon, and saw 3 of its levels.

You collected 150 gold pieces.

Inventory:

Hand Weapons
 a - a +0 long sword (weapon)
Armour
 b - a +0 scale mail (worn)
 c - a +0 buckler (worn)
 e - the +1 cloak of Utrem (worn) {Str+3}
   (You acquired it on level 1 of the Dungeon)

   Str+3:     It affects your strength (+3).
 f - a +0 cloak
Wands
 m - a wand of quicksilver (10)
Scrolls
 j - a scroll of vulnerability
Potions
 d - a potion of might
 g - a potion of ambrosia {unknown}
 h - a potion of invisibility {unknown}
 i - 2 potions of curing {unknown}
 k - a potion of heal wounds {unknown}
 l - a potion of magic {unknown}
 n - 2 potions of degeneration {unknown}


   Skills:
 + Level 3.7 Fighting
 + Level 3.3 Long Blades
 + Level 3.3 Armour
 + Level 0.1 Dodging
 + Level 0.2 Stealth
 + Level 3.1 Shields


You had 4 spell levels left.
You didn't know any spells.
Your spell library contained the following spells:

 Spells                   Type           Power      Damage    Failure   Level
 Dazzling Flash           Conj/Hex       0%         N/A       99%         3
 Volatile Blastmotes      Fire/Tloc      0%         2d10      99%         3
 Starburst                Conj/Fire      0%         6d3       100%        6
 Maxwell's Capacitive Co  Air            0%         ∞         100%        8


Dungeon Overview and Level Annotations

Branches:
Dungeon (3/15)

Altars:
Qazlal


Innate Abilities, Weirdness & Mutations

Your demonic aura sometimes causes spilled blood to erupt in flames.
You regenerate health from kills.


Message History

The orc priest hits you but does no damage.
The orc barely misses you.
You hit the orc.
The orc is moderately wounded.
You block the orc's attack. You block the orc priest's attack.
The orc hits you with a +0 hand axe.
You hit the orc.
The orc is moderately wounded.
The orc hits you but does no damage. You block the orc's attack.
The orc priest barely misses you.
You barely miss the orc.
The orc is moderately wounded.
The orc barely misses you.
The orc priest calls upon Beogh to heal the orc.
The orc's wounds heal themselves!
The orc hits you but does no damage. x2
The orc priest hits you with a +0 club. You block the orc's attack.
You closely miss the orc. The orc hits you but does no damage.
The orc priest barely misses you. You block the orc's attack.
You hit the orc.
The orc is heavily wounded.
You block the orc's attack. The orc priest hits you with a +0 club.
The orc hits you but does no damage.
You closely miss the orc priest. You block the orc's attack.
The orc hits you but does no damage.
The orc priest hits you but does no damage.
You closely miss the orc priest. The orc hits you but does no damage.
The orc priest hits you with a +0 club. The orc closely misses you.
You closely miss the orc priest. The orc hits you but does no damage.
You block the orc's attack.
The orc priest hits you but does no damage.
The orc priest calls down the wrath of Beogh upon you.
Beogh smites you!
* * * LOW HITPOINT WARNING * * *
The orc hits you but does no damage. The orc priest misses you.
The orc hits you but does no damage.
You hit the orc but do no damage.
The orc is heavily wounded.
The orc priest calls down the wrath of Beogh upon you.
Beogh smites you!
You die...

.......#.......###.#
......%#.......##..#
)......#.......#..##
.......########...#
........... #..##
.............##..#
#.......# ##.#..#.#
.#.#..#@####
......oooo.#
.......or..#
#..........#
............#
.#..........#
#....>.....#
.....?.....#
........!..#


You could see 2 orc priests, 3 orcs and a rat.

Vanquished Creatures
  2 orc priests
  3 adders (D:2)
  A dart slug (D:2)
  3 orcs (D:2)
  4 ball pythons
  5 endoplasms
  3 giant cockroaches
  A goblin (D:2)
  9 hobgoblins
  2 quokkas
  2 bats (D:1)
  3 frilled lizards
  5 kobolds
  5 rats
48 creatures vanquished.

Notes
Turn   | Place    | Note
-------+----------+-------------------------------------------
     0 | D:1      | Silvore the Demonspawn Fighter began the quest for the Orb.
     0 | D:1      | Reached XP level 1. HP: 18/18 MP: 1/1
   220 | D:1      | Gained mutation: Your demonic aura sometimes causes spilled
                  | blood to erupt in flames. [demonic ancestry]
   220 | D:1      | Reached XP level 2. HP: 24/24 MP: 2/2
   867 | D:1      | Identified a scroll of acquirement
   867 | D:1      | Acquired the +1 cloak of Utrem {Str+3}
   949 | D:2      | Gained mutation: You regenerate a little health from kills.
                  | [demonic ancestry]
   949 | D:2      | Reached XP level 3. HP: 13/29 MP: 3/3
  1019 | D:2      | Found a stormy altar of Qazlal.
  1413 | D:2      | Gained mutation: You regenerate health from kills. [demonic
                  | ancestry]
  1413 | D:2      | Reached XP level 4. HP: 36/36 MP: 4/4
  1415 | D:2      | Found a faded altar of an unknown god.
  2095 | D:3      | Identified the +2 robe "Necyquf" {Harm rN++ Will+ Int-5}
  2103 | D:3      | Reached XP level 5. HP: 42/42 MP: 5/5
  2215 | D:3      | Killed from afar by an orc priest

Illustrated notes

Levels and vault maps discovered:
D:1:      psy_arrival_fountain, layout_loops_ring, nicolae_hexahallways
D:2:      layout_basic, basic_altar, ebering_ecumenical_altar_box
D:3:      layout_rooms

Skill      XL: |  1  2  3  4 |
---------------+-------------+-----
Long Blades    | 2 3 |  3.3
Shields        | 3 |  3.1
Armour         | 3 |  3.3
Fighting       | |  3.7
Dodging        | |  0.1
Stealth        | |  0.2

Action                     |  1- 3 |  4- 6 || total
---------------------------+-------+-------++-------
  Melee: Long sword        |   110 |    49 ||   159
    Use: Scroll            |     3 |     2 ||     5
 Armour: Scale mail        |    87 |    49 ||   136
  Dodge: Dodged            |    43 |    21 ||    64
  Block: Buckler           |    27 |    16 ||    43
